[ AOE2 MATCH · #476309861 ]
UnrankedSlavs vs Malians
[ REPLAY ANALYSIS · EXTRACTED FROM THE RECORDED GAME ]
Feudal
10:35
Castle
24:58
Imperial
38:34
| APM avg | 36.4 |
| APM peak | 75 |
| eAPM avg | 15.0 |
| Villagers / military | 106 / 225 |
Focus
⚔️ 35.4% · 🌾 64.6%
Spearman ×76 · Scout Cavalry ×69 · Scorpion ×43 · Boyar ×25 · Trebuchet (Packed) ×8 · Trade Cart ×7
Feudal
12:17
Castle
19:23
Imperial
35:39
| APM avg | 20.0 |
| APM peak | 37 |
| eAPM avg | 12.8 |
| Villagers / military | 145 / 450 |
Focus
⚔️ 33.6% · 🌾 66.4%
Camel Scout ×124 · Spearman ×102 · Scout Cavalry ×96 · Skirmisher ×59 · Hand Cannoneer ×44 · Gbeto ×7
Feudal
11:58
Castle
23:29
Imperial
45:33
| APM avg | 25.4 |
| APM peak | 66 |
| eAPM avg | 19.0 |
| Villagers / military | 156 / 253 |
Focus
⚔️ 40.2% · 🌾 59.8%
Spearman ×113 · Camel Scout ×86 · Scout Cavalry ×42 · Trebuchet (Packed) ×6 · Battering Ram ×5 · Monk ×1
Feudal
13:17
Castle
19:23
Imperial
43:52
| APM avg | 33.2 |
| APM peak | 68 |
| eAPM avg | 15.7 |
| Villagers / military | 112 / 228 |
Focus
⚔️ 27.8% · 🌾 72.2%
Leitis ×165 · Trade Cart ×50 · Cavalry Archer ×49 · Trebuchet (Packed) ×8 · Monk ×6
Match map
Initial resources + every placement click. Lines = walls · curves = elevation contours. ◆ gold · ⬟ stone · ● berries · ✦ relic · ◌ wall gap
Your base· Open — unwalled flank
mattpowell74's base· Open — unwalled flank
hsqvrn's base· Open — unwalled flank
Kirox's base· Open — unwalled flank
Smoothed initial terrain · ◌ = detected wall gap · hover for details
Inputs per minute
— Sifaka - - mattpowell74
Build order — Sifaka
First 150 of 320 actions detected
| 0:01 | Create | Villager (Male) |
| 0:01 | Create | Villager (Male) |
| 0:03 | Build | House |
| 0:05 | Build | House |
| 0:06 | Create | Villager (Male) |
| 0:06 | Create | Villager (Male) |
| 0:06 | Create | Villager (Male) |
| 1:20 | Build | Lumber Camp |
| 1:32 | Create | Villager (Male) |
| 2:11 | Create | Villager (Male) |
| 2:30 | Create | Villager (Male) |
| 3:09 | Build | House |
| 3:33 | Create | Villager (Male) |
| 3:49 | Create | Villager (Male) |
| 3:57 | Build | Mill |
| 4:28 | Create | Villager (Male) |
| 4:29 | Create | Villager (Male) |
| 5:00 | Create | Villager (Male) |
| 5:59 | Create | Villager (Male) |
| 6:07 | Create | Villager (Male) |
| 7:10 | Create | Villager (Male) |
| 7:10 | Create | Villager (Male) |
| 7:14 | Create | Villager (Male) |
| 7:18 | Research | Loom |
| 8:08 | Research | Feudal Age |
| 9:22 | Build | Barracks |
| 9:33 | Build | House |
| 9:43 | Create | Villager (Male) |
| 10:35 | Age | Feudal Age |
| 10:38 | Build | Blacksmith |
| 10:42 | Build | Stable |
| 10:48 | Build | House |
| 10:51 | Research | Double-Bit Axe |
| 11:00 | Create | Villager (Male) |
| 11:06 | Research | Wheelbarrow |
| 11:18 | Build | Palisade Gate |
| 11:21 | Create | Scout Cavalry |
| 11:22 | Create | Scout Cavalry |
| 11:44 | Research | Town Watch |
| 12:15 | Build | Stable |
| 12:22 | Create | Scout Cavalry |
| 12:44 | Create | Spearman |
| 12:45 | Create | Spearman |
| 13:29 | Create | Villager (Male) |
| 13:30 | Create | Villager (Male) |
| 13:40 | Build | Mining Camp |
| 13:46 | Create | Scout Cavalry |
| 14:14 | Create | Villager (Male) |
| 14:22 | Build | Lumber Camp |
| 14:25 | Create | Villager (Male) |
| 14:55 | Build | Farm |
| 14:57 | Research | Horse Collar |
| 15:00 | Build | Farm |
| 15:04 | Build | Farm |
| 15:20 | Create | Villager (Male) |
| 15:20 | Create | Villager (Male) |
| 15:44 | Build | Farm |
| 15:45 | Build | Farm |
| 16:01 | Build | Farm |
| 16:04 | Build | Farm |
| 16:04 | Build | Farm |
| 16:05 | Build | Farm |
| 16:17 | Create | Villager (Male) |
| 16:51 | Create | Villager (Male) |
| 16:51 | Create | Villager (Male) |
| 16:54 | Build | Farm |
| 16:58 | Create | Spearman |
| 17:00 | Create | Villager (Male) |
| 17:18 | Create | Villager (Male) |
| 18:29 | Create | Villager (Male) |
| 18:37 | Build | Farm |
| 18:48 | Build | House |
| 19:01 | Create | Villager (Male) |
| 19:01 | Create | Villager (Male) |
| 19:32 | Build | Farm |
| 19:32 | Build | Farm |
| 19:33 | Build | Farm |
| 19:35 | Build | Farm |
| 19:39 | Create | Villager (Male) |
| 19:46 | Build | Market |
| 20:03 | Research | Man-at-Arms (upgrade) |
| 20:24 | Create | Villager (Male) |
| 20:40 | Build | Barracks |
| 20:44 | Build | Palisade Gate |
| 20:55 | Create | Villager (Male) |
| 21:20 | Create | Spearman |
| 21:20 | Create | Spearman |
| 21:28 | Create | Villager (Male) |
| 21:29 | Create | Villager (Male) |
| 21:39 | Research | Castle Age |
| 22:02 | Create | Militia |
| 22:11 | Research | Forging |
| 22:29 | Build | Mining Camp |
| 22:46 | Build | Farm |
| 22:46 | Build | Farm |
| 23:02 | Research | Scale Mail Armor |
| 23:03 | Research | Scale Barding Armor |
| 23:44 | Research | Gold Mining |
| 23:47 | Research | Stone Mining |
| 23:51 | Create | Militia ×3 |
| 24:04 | Build | Barracks |
| 24:12 | Build | House |
| 24:16 | Build | Stable |
| 24:18 | Build | Stable |
| 24:22 | Build | Palisade Gate |
| 24:26 | Build | Stable |
| 24:33 | Build | Barracks |
| 24:40 | Create | Villager (Male) |
| 24:58 | Age | Castle Age |
| 25:13 | Research | Husbandry |
| 25:14 | Research | Bloodlines |
| 25:39 | Research | Hand Cart |
| 25:51 | Build | Farm |
| 26:18 | Research | Heavy Plow |
| 26:31 | Research | Bow Saw |
| 26:47 | Create | Villager (Male) |
| 26:47 | Create | Villager (Male) |
| 26:55 | Build | Farm |
| 27:07 | Research | Pikeman (upgrade) |
| 27:48 | Research | Iron Casting |
| 28:18 | Research | Town Patrol |
| 28:33 | Build | Town Center |
| 28:47 | Build | Mining Camp |
| 28:55 | Research | Squires |
| 28:57 | Research | Long Swordsman (upgrade) |
| 29:05 | Create | Spearman ×4 |
| 29:22 | Build | Town Center |
| 29:48 | Research | Chain Mail Armor |
| 30:15 | Create | Spearman ×5 |
| 31:02 | Build | Palisade Wall |
| 31:05 | Build | House |
| 31:51 | Create | Villager (Male) |
| 31:51 | Create | Villager (Male) |
| 32:02 | Create | Villager (Male) |
| 32:07 | Build | Farm |
| 32:07 | Build | Farm |
| 32:08 | Build | Farm |
| 32:08 | Build | Farm |
| 32:11 | Build | Farm |
| 32:21 | Create | Villager (Male) |
| 32:21 | Create | Villager (Male) |
| 32:21 | Create | Villager (Male) |
| 32:22 | Create | Villager (Male) |
| 33:03 | Research | Gold Shaft Mining |
| 33:13 | Build | Siege Workshop |
| 34:06 | Create | Villager (Male) |
| 34:07 | Create | Villager (Male) |
| 34:08 | Create | Villager (Male) |
| 34:09 | Create | Villager (Male) |
| 34:09 | Create | Villager (Male) |
Build order — mattpowell74
First 150 of 442 actions detected
| 0:01 | Create | Villager (Male) |
| 0:02 | Create | Villager (Male) |
| 0:02 | Create | Villager (Male) |
| 0:03 | Create | Villager (Male) |
| 0:03 | Create | Villager (Male) |
| 0:06 | Build | House |
| 0:08 | Build | House |
| 1:45 | Create | Villager (Male) |
| 1:50 | Build | Lumber Camp |
| 2:24 | Create | Villager (Male) |
| 2:24 | Create | Villager (Male) |
| 3:00 | Create | Villager (Male) |
| 3:11 | Create | Villager (Male) |
| 3:29 | Build | House |
| 4:01 | Create | Villager (Male) |
| 4:19 | Create | Villager (Male) |
| 4:27 | Create | Villager (Male) |
| 4:34 | Build | Mill |
| 5:15 | Create | Villager (Male) |
| 5:15 | Create | Villager (Male) |
| 5:37 | Create | Villager (Male) |
| 6:18 | Create | Villager (Male) |
| 6:43 | Create | Villager (Male) |
| 6:43 | Create | Villager (Male) |
| 7:08 | Create | Villager (Male) |
| 7:13 | Build | House |
| 7:38 | Create | Villager (Male) |
| 7:38 | Create | Villager (Male) |
| 8:14 | Create | Villager (Male) |
| 8:18 | Build | Mining Camp |
| 8:29 | Create | Villager (Male) |
| 8:52 | Create | Villager (Male) |
| 9:02 | Create | Villager (Male) |
| 9:14 | Build | House |
| 9:15 | Build | House |
| 9:42 | Research | Loom |
| 9:43 | Research | Feudal Age |
| 10:00 | Build | Mining Camp |
| 10:23 | Build | House |
| 10:25 | Build | House |
| 10:53 | Build | Barracks |
| 11:10 | Build | Palisade Gate |
| 11:32 | Create | Villager (Male) |
| 11:54 | Create | Militia ×5 |
| 12:17 | Age | Feudal Age |
| 12:21 | Research | Man-at-Arms (upgrade) |
| 12:32 | Build | House |
| 12:33 | Build | House |
| 12:42 | Create | Villager (Male) |
| 13:12 | Create | Spearman ×5 |
| 14:53 | Build | Blacksmith |
| 15:09 | Build | Gate |
| 15:13 | Build | Blacksmith |
| 15:19 | Create | Villager (Male) |
| 15:20 | Create | Villager (Male) |
| 16:15 | Build | Stable |
| 16:18 | Create | Villager (Male) |
| 16:40 | Research | Castle Age |
| 17:01 | Create | Villager (Male) |
| 17:07 | Research | Horse Collar |
| 17:10 | Build | Farm |
| 17:11 | Build | Farm |
| 17:13 | Build | Farm |
| 17:15 | Build | Farm |
| 17:17 | Build | Farm |
| 17:19 | Build | Farm |
| 17:21 | Build | Farm |
| 17:35 | Build | Stone Wall |
| 17:47 | Research | Scale Mail Armor |
| 17:51 | Build | Farm |
| 18:14 | Create | Spearman |
| 18:16 | Create | Villager (Male) |
| 18:17 | Create | Villager (Male) |
| 18:17 | Create | Villager (Male) |
| 18:18 | Create | Villager (Male) |
| 18:20 | Create | Villager (Male) |
| 19:23 | Age | Castle Age |
| 19:29 | Create | Camel Scout |
| 19:29 | Create | Camel Scout |
| 19:39 | Create | Villager (Male) |
| 19:40 | Create | Villager (Male) |
| 19:40 | Create | Villager (Male) |
| 19:59 | Build | Castle |
| 20:24 | Create | Camel Scout |
| 20:28 | Create | Villager (Male) |
| 20:29 | Create | Villager (Male) |
| 20:52 | Build | Farm |
| 21:28 | Research | Scale Barding Armor |
| 21:41 | Create | Villager (Male) |
| 21:59 | Build | Farm |
| 22:13 | Create | Villager (Male) |
| 23:05 | Build | Mill |
| 23:08 | Build | Farm |
| 23:12 | Build | Farm |
| 23:13 | Build | Farm |
| 23:14 | Build | Farm |
| 23:16 | Build | Farm |
| 23:18 | Build | Farm |
| 23:20 | Create | Villager (Male) |
| 23:24 | Research | Heavy Plow |
| 23:26 | Create | Villager (Male) |
| 23:27 | Create | Villager (Male) |
| 23:41 | Build | Gate |
| 23:59 | Create | Camel Scout ×2 |
| 24:10 | Create | Villager (Male) |
| 24:15 | Create | Villager (Male) |
| 24:27 | Build | Town Center |
| 24:45 | Research | Pikeman (upgrade) |
| 24:52 | Create | Camel Scout |
| 24:58 | Create | Villager (Male) |
| 25:54 | Build | Stone Wall |
| 25:57 | Build | Stone Wall |
| 26:01 | Create | Villager (Male) |
| 26:04 | Create | Camel Scout ×5 |
| 26:16 | Create | Gbeto |
| 26:26 | Create | Villager (Male) |
| 26:26 | Create | Villager (Male) |
| 26:27 | Create | Villager (Male) |
| 26:29 | Create | Villager (Male) |
| 26:29 | Create | Villager (Male) |
| 26:40 | Build | Farm |
| 26:41 | Build | Farm |
| 26:43 | Create | Villager (Male) |
| 26:44 | Create | Villager (Male) |
| 26:53 | Build | Town Center |
| 27:00 | Create | Villager (Male) |
| 27:00 | Create | Villager (Male) |
| 27:03 | Create | Villager (Male) |
| 27:04 | Create | Villager (Male) |
| 27:53 | Research | Tigui |
| 28:19 | Create | Villager (Male) |
| 28:20 | Research | Wheelbarrow |
| 28:22 | Create | Villager (Male) |
| 28:31 | Build | Archery Range |
| 28:36 | Create | Gbeto |
| 28:42 | Create | Gbeto |
| 28:49 | Create | Villager (Male) |
| 28:50 | Create | Villager (Male) |
| 28:56 | Build | Farm |
| 29:00 | Build | Farm |
| 29:01 | Build | Farm |
| 29:02 | Build | Farm |
| 29:08 | Create | Villager (Male) |
| 29:09 | Create | Villager (Male) |
| 29:25 | Build | Gate |
| 30:06 | Create | Villager (Male) |
| 30:07 | Create | Villager (Male) |
| 30:07 | Create | Villager (Male) |
| 30:08 | Create | Villager (Male) |
| 30:08 | Create | Villager (Male) |
Build order — hsqvrn
First 150 of 683 actions detected
| 0:07 | Create | Villager (Male) |
| 0:08 | Create | Villager (Male) |
| 0:19 | Create | Villager (Male) |
| 0:20 | Create | Villager (Male) |
| 0:20 | Create | Villager (Male) |
| 0:25 | Build | House |
| 0:30 | Research | Loom |
| 0:30 | Create | Villager (Male) |
| 0:30 | Create | Villager (Male) |
| 0:31 | Create | Villager (Male) |
| 0:38 | Build | House |
| 0:39 | Build | House |
| 0:40 | Build | House |
| 1:24 | Build | House |
| 1:27 | Create | Villager (Male) |
| 1:27 | Create | Villager (Male) |
| 2:20 | Create | Villager (Male) |
| 3:02 | Create | Villager (Male) |
| 3:04 | Create | Villager (Male) |
| 4:25 | Create | Villager (Male) |
| 4:26 | Create | Villager (Male) |
| 5:25 | Create | Villager (Male) |
| 6:03 | Create | Villager (Male) |
| 6:03 | Create | Villager (Male) |
| 6:05 | Create | Villager (Male) |
| 6:05 | Create | Villager (Male) |
| 6:06 | Create | Villager (Male) |
| 6:07 | Create | Villager (Male) |
| 6:20 | Build | Mill |
| 7:01 | Create | Villager (Male) |
| 7:02 | Create | Villager (Male) |
| 8:08 | Create | Villager (Male) |
| 8:09 | Create | Villager (Male) |
| 8:13 | Create | Villager (Male) |
| 8:45 | Build | Lumber Camp |
| 8:54 | Create | Villager (Male) |
| 9:01 | Create | Villager (Male) |
| 9:01 | Create | Villager (Male) |
| 9:41 | Research | Feudal Age |
| 11:21 | Create | Villager (Male) |
| 11:21 | Create | Villager (Male) |
| 11:58 | Age | Feudal Age |
| 12:11 | Build | Mining Camp |
| 12:13 | Research | Horse Collar |
| 12:15 | Research | Double-Bit Axe |
| 12:17 | Create | Villager (Male) |
| 12:17 | Create | Villager (Male) |
| 12:28 | Build | Farm |
| 12:47 | Build | Farm |
| 12:48 | Build | Farm |
| 12:49 | Build | Farm |
| 12:51 | Build | Farm |
| 12:51 | Build | Farm |
| 12:52 | Build | Farm |
| 12:53 | Build | Farm |
| 12:54 | Build | Farm |
| 12:54 | Build | Farm |
| 12:56 | Build | Farm |
| 12:56 | Build | Farm |
| 12:56 | Build | Farm |
| 12:57 | Build | Farm |
| 12:57 | Build | Farm |
| 12:57 | Build | Farm |
| 12:58 | Build | Farm |
| 12:58 | Build | Farm |
| 12:58 | Build | Farm |
| 12:58 | Build | Farm |
| 12:59 | Build | Farm |
| 12:59 | Build | Farm |
| 12:59 | Build | Farm |
| 13:00 | Build | Farm |
| 13:00 | Build | Farm |
| 13:00 | Build | Farm |
| 13:00 | Build | Farm |
| 13:01 | Build | Farm |
| 13:01 | Build | Farm |
| 13:26 | Build | Farm |
| 13:42 | Build | Stone Wall |
| 13:50 | Build | Gate |
| 13:53 | Build | Farm |
| 13:56 | Create | Villager (Male) |
| 13:57 | Create | Villager (Male) |
| 13:57 | Create | Villager (Male) |
| 13:57 | Create | Villager (Male) |
| 13:58 | Create | Villager (Male) |
| 13:58 | Create | Villager (Male) |
| 14:00 | Create | Villager (Male) |
| 14:21 | Build | Gate |
| 14:27 | Build | Farm |
| 14:29 | Create | Villager (Male) |
| 14:29 | Create | Villager (Male) |
| 14:30 | Create | Villager (Male) |
| 14:30 | Create | Villager (Male) |
| 14:41 | Build | House |
| 14:59 | Create | Villager (Male) |
| 15:09 | Build | House |
| 15:10 | Build | House |
| 15:19 | Build | Barracks |
| 15:30 | Build | Farm |
| 15:46 | Build | House |
| 15:54 | Build | Farm |
| 15:59 | Create | Spearman |
| 15:59 | Create | Spearman |
| 16:00 | Create | Spearman |
| 16:16 | Build | Stone Wall |
| 16:19 | Build | Stone Wall |
| 16:23 | Build | Stone Wall |
| 16:26 | Build | Stone Wall |
| 16:28 | Build | Stone Wall |
| 16:37 | Build | Gate |
| 16:38 | Build | Gate |
| 16:44 | Build | Market |
| 16:52 | Create | Villager (Male) |
| 16:54 | Build | Farm |
| 16:56 | Build | Farm |
| 16:57 | Create | Villager (Male) |
| 16:57 | Create | Villager (Male) |
| 17:12 | Build | Farm |
| 17:13 | Create | Spearman |
| 17:13 | Create | Spearman |
| 17:17 | Create | Spearman |
| 17:27 | Create | Villager (Male) |
| 17:34 | Create | Villager (Male) |
| 17:37 | Build | Farm |
| 18:00 | Build | Mining Camp |
| 18:04 | Build | House |
| 18:15 | Create | Villager (Male) |
| 18:15 | Create | Villager (Male) |
| 18:17 | Research | Gold Mining |
| 19:24 | Create | Villager (Male) |
| 19:33 | Build | Stone Wall |
| 19:54 | Build | Blacksmith |
| 20:00 | Research | Stone Mining |
| 20:01 | Create | Spearman |
| 20:01 | Create | Spearman |
| 20:03 | Create | Spearman |
| 20:03 | Create | Spearman |
| 20:09 | Build | Gate |
| 20:22 | Create | Villager (Male) |
| 20:22 | Create | Villager (Male) |
| 20:44 | Research | Castle Age |
| 20:49 | Build | House |
| 20:50 | Build | House |
| 21:12 | Create | Spearman |
| 21:13 | Create | Spearman |
| 21:26 | Build | Stone Wall |
| 21:33 | Build | Stone Wall |
| 21:41 | Create | Spearman |
| 21:41 | Create | Spearman |
| 21:55 | Build | Stable |
Build order — Kirox
First 150 of 399 actions detected
| 0:07 | Create | Villager (Male) |
| 0:07 | Create | Villager (Male) |
| 0:08 | Create | Villager (Male) |
| 0:10 | Build | House |
| 0:12 | Build | House |
| 0:37 | Create | Villager (Male) |
| 1:05 | Create | Villager (Male) |
| 1:05 | Create | Villager (Male) |
| 1:06 | Create | Villager (Male) |
| 1:40 | Build | Mill |
| 2:04 | Create | Villager (Male) |
| 2:59 | Create | Villager (Male) |
| 2:59 | Create | Villager (Male) |
| 3:31 | Create | Villager (Male) |
| 4:03 | Create | Villager (Male) |
| 4:10 | Build | House |
| 4:16 | Create | Villager (Male) |
| 4:32 | Create | Villager (Male) |
| 4:32 | Create | Villager (Male) |
| 4:39 | Build | House |
| 4:49 | Create | Villager (Male) |
| 5:36 | Create | Villager (Male) |
| 6:01 | Create | Villager (Male) |
| 6:11 | Create | Villager (Male) |
| 6:35 | Create | Villager (Male) |
| 6:35 | Create | Villager (Male) |
| 7:05 | Create | Villager (Male) |
| 7:17 | Build | House |
| 7:43 | Create | Villager (Male) |
| 7:48 | Build | House |
| 7:52 | Build | Lumber Camp |
| 7:56 | Create | Villager (Male) |
| 8:02 | Build | House |
| 8:03 | Build | House |
| 8:27 | Create | Villager (Male) |
| 9:52 | Create | Villager (Male) |
| 9:52 | Create | Villager (Male) |
| 10:14 | Create | Villager (Male) |
| 10:56 | Build | Mining Camp |
| 10:59 | Research | Feudal Age |
| 10:59 | Research | Feudal Age |
| 11:55 | Create | Villager (Male) |
| 11:55 | Create | Villager (Male) |
| 13:17 | Age | Feudal Age |
| 13:35 | Build | Farm |
| 13:35 | Build | Farm |
| 13:37 | Build | Farm |
| 13:37 | Build | Farm |
| 13:38 | Build | Farm |
| 13:38 | Build | Farm |
| 13:38 | Build | Farm |
| 13:39 | Build | Farm |
| 13:39 | Build | Farm |
| 13:39 | Build | Farm |
| 13:39 | Build | Farm |
| 13:39 | Build | Farm |
| 13:46 | Create | Villager (Male) |
| 13:53 | Create | Villager (Male) |
| 14:23 | Build | Barracks |
| 14:35 | Build | Farm |
| 14:40 | Create | Villager (Male) |
| 14:41 | Research | Double-Bit Axe |
| 14:44 | Research | Horse Collar |
| 14:54 | Build | Blacksmith |
| 15:02 | Build | Farm |
| 15:04 | Create | Villager (Male) |
| 15:16 | Build | Mining Camp |
| 15:48 | Research | Wheelbarrow |
| 15:53 | Create | Villager (Male) |
| 15:53 | Create | Villager (Male) |
| 15:53 | Create | Villager (Male) |
| 15:56 | Build | Stable |
| 16:02 | Research | Town Watch |
| 16:22 | Research | Castle Age |
| 16:40 | Build | Farm |
| 16:41 | Build | Farm |
| 16:46 | Build | Farm |
| 18:08 | Research | Gold Mining |
| 18:40 | Create | Villager (Male) |
| 18:40 | Create | Villager (Male) |
| 19:23 | Age | Castle Age |
| 19:25 | Build | Monastery |
| 19:33 | Create | Villager (Male) |
| 19:35 | Research | Bow Saw |
| 19:40 | Research | Bloodlines |
| 19:42 | Research | Husbandry |
| 19:46 | Research | Forging |
| 19:50 | Research | Heavy Plow |
| 19:55 | Create | Villager (Male) |
| 20:00 | Create | Monk |
| 20:37 | Create | Villager (Male) |
| 20:43 | Create | Monk |
| 21:17 | Build | Castle |
| 21:20 | Create | Villager (Male) |
| 21:38 | Create | Villager (Male) |
| 22:25 | Create | Villager (Male) |
| 22:25 | Create | Villager (Male) |
| 22:26 | Create | Villager (Male) |
| 23:09 | Create | Leitis |
| 23:09 | Create | Leitis |
| 23:09 | Create | Leitis |
| 23:13 | Build | Archery Range |
| 23:50 | Build | Town Center |
| 23:56 | Create | Leitis |
| 23:58 | Create | Villager (Male) |
| 23:58 | Create | Villager (Male) |
| 23:58 | Create | Villager (Male) |
| 24:12 | Create | Leitis |
| 24:12 | Create | Leitis |
| 24:14 | Research | Thumb Ring |
| 24:16 | Create | Leitis |
| 24:17 | Create | Leitis |
| 24:27 | Build | Farm |
| 24:28 | Create | Villager (Male) |
| 24:50 | Research | Fletching |
| 24:52 | Build | Farm |
| 24:55 | Create | Villager (Male) |
| 25:11 | Create | Villager (Male) |
| 25:19 | Build | Farm |
| 25:20 | Create | Villager (Male) |
| 25:42 | Create | Villager (Male) |
| 25:42 | Create | Villager (Male) |
| 25:43 | Create | Villager (Male) |
| 25:50 | Build | Farm |
| 25:51 | Create | Villager (Male) |
| 26:03 | Build | Town Center |
| 26:27 | Build | Farm |
| 26:27 | Create | Villager (Male) |
| 26:31 | Create | Cavalry Archer |
| 26:31 | Create | Cavalry Archer |
| 26:32 | Create | Cavalry Archer |
| 26:32 | Create | Cavalry Archer |
| 26:34 | Create | Leitis |
| 26:34 | Create | Leitis |
| 26:38 | Build | Farm |
| 26:38 | Build | Farm |
| 26:40 | Build | Farm |
| 26:41 | Create | Villager (Male) |
| 26:42 | Build | Farm |
| 26:52 | Build | Lumber Camp |
| 27:07 | Build | Farm |
| 27:20 | Build | Farm |
| 27:21 | Create | Villager (Male) |
| 27:22 | Create | Villager (Male) |
| 27:25 | Research | Wheelbarrow |
| 27:26 | Research | Town Patrol |
| 27:27 | Create | Villager (Male) |
| 27:27 | Create | Villager (Male) |
| 27:35 | Build | Farm |
| 27:40 | Create | Leitis |
Match timeline
| 9:22 | Sifaka · first_building Barracks |
| 10:35 | Sifaka · age_up feudal |
| 10:42 | Sifaka · first_building Stable |
| 10:53 | mattpowell74 · first_building Barracks |
| 11:58 | hsqvrn · age_up feudal |
| 12:17 | mattpowell74 · age_up feudal |
| 13:17 | Kirox · age_up feudal |
| 13:42 | hsqvrn · wall_segment Stone Wall x16 |
| 14:23 | Kirox · first_building Barracks |
| 15:19 | hsqvrn · first_building Barracks |
| 15:56 | Kirox · first_building Stable |
| 16:15 | mattpowell74 · first_building Stable |
| 16:16 | hsqvrn · wall_segment Stone Wall x13 |
| 16:19 | hsqvrn · wall_segment Stone Wall x3 |
| 16:23 | hsqvrn · wall_segment Stone Wall x3 |
| 16:26 | hsqvrn · wall_segment Stone Wall x2 |
| 16:28 | hsqvrn · wall_segment Stone Wall x10 |
| 17:35 | mattpowell74 · wall_segment Stone Wall x4 |
| 19:23 | Kirox · age_up castle |
| 19:23 | mattpowell74 · age_up castle |
| 19:25 | Kirox · first_building Monastery |
| 19:33 | hsqvrn · wall_segment Stone Wall x9 |
| 19:59 | mattpowell74 · first_building Castle |
| 21:17 | Kirox · first_building Castle |
| 21:26 | hsqvrn · wall_segment Stone Wall x9 |
| 21:33 | hsqvrn · wall_segment Stone Wall x20 |
| 21:35 | Sifaka · first_market_sell 100 wood |
| 21:36 | Sifaka · first_market_buy 100 food |
| 21:55 | hsqvrn · first_building Stable |
| 23:11 | hsqvrn · wall_segment Stone Wall x3 |
| 23:13 | Kirox · first_building Archery Range |
| 23:15 | hsqvrn · wall_segment Stone Wall x7 |
| 23:22 | hsqvrn · wall_segment Stone Wall x2 |
| 23:26 | hsqvrn · wall_segment Stone Wall x24 |
| 23:29 | hsqvrn · age_up castle |
| 24:25 | hsqvrn · first_market_buy 100 wood |
| 24:58 | Sifaka · age_up castle |
| 25:54 | mattpowell74 · wall_segment Stone Wall x5 |
| 25:57 | mattpowell74 · wall_segment Stone Wall x12 |
| 28:10 | Kirox · wall_segment Stone Wall x21 |
| 28:31 | mattpowell74 · first_building Archery Range |
| 29:37 | hsqvrn · wall_segment Stone Wall x4 |
| 29:43 | hsqvrn · wall_segment Stone Wall x32 |
| 29:46 | hsqvrn · wall_segment Stone Wall x2 |
| 29:49 | hsqvrn · wall_segment Stone Wall x4 |
| 30:41 | Kirox · wall_segment Stone Wall x16 |
| 31:02 | Kirox · wall_segment Stone Wall x15 |
| 31:02 | Sifaka · wall_segment Palisade Wall x1 |
| 31:14 | hsqvrn · first_building Castle |
| 31:17 | Kirox · wall_segment Stone Wall x9 |
| 31:20 | Kirox · wall_segment Stone Wall x1 |
| 31:21 | Kirox · wall_segment Stone Wall x1 |
| 31:21 | Kirox · wall_segment Stone Wall x1 |
| 31:43 | mattpowell74 · wall_segment Stone Wall x1 |
| 31:44 | mattpowell74 · wall_segment Stone Wall x1 |
| 31:45 | mattpowell74 · wall_segment Stone Wall x2 |
| 31:46 | mattpowell74 · wall_segment Stone Wall x1 |
| 31:58 | hsqvrn · first_building Monastery |
| 32:18 | Kirox · wall_segment Stone Wall x3 |
| 33:13 | Sifaka · first_building Siege Workshop |
| 33:32 | Kirox · wall_segment Stone Wall x9 |
| 34:49 | Sifaka · first_building Monastery |
| 35:39 | mattpowell74 · age_up imperial |
| 35:40 | hsqvrn · first_building Siege Workshop |
| 35:41 | Sifaka · first_building Castle |
| 38:34 | Sifaka · age_up imperial |
| 40:50 | mattpowell74 · first_building Siege Workshop |
| 43:52 | Kirox · age_up imperial |
| 45:15 | hsqvrn · wall_segment Stone Wall x12 |
| 45:33 | hsqvrn · age_up imperial |
| 51:49 | mattpowell74 · first_building Monastery |
| 51:57 | hsqvrn · wall_segment Stone Wall x32 |
| 53:51 | hsqvrn · wall_segment Stone Wall x5 |
| 55:27 | Kirox · tribute_sent a jugador 1 |
| 55:27 | Kirox · tribute_sent a jugador 2 |
| 55:27 | Kirox · tribute_sent a jugador 3 |
| 60:24 | Kirox · first_market_sell 500 wood |
| 61:48 | hsqvrn · wall_segment Stone Wall x5 |
| 61:51 | hsqvrn · wall_segment Stone Wall x21 |
| 61:55 | mattpowell74 · resign |
[ AI ANALYSIS · 1 CREDIT ]
What really happened in this match?
Wolo.gg analyzes every decision: build order, eco, micro, common mistakes by bracket. Personalized analysis on WhatsApp or Discord in 30 seconds.
Civ guide
Slavs
Perfil
Jugador #20601539